 Dungeon Crawl Stone Soup version 0.21-a0-442-g848f44b (webtiles) character file.

35 kae the Ruffian (level 3, -3/29 HPs)
             Began as a Draconian Transmuter on Nov 12, 2017.
             Splashed by a jelly's acid (9 damage)
             ... on level 2 of the Dungeon.
             The game lasted 00:01:13 (1449 turns).

kae the Ruffian (Draconian Transmuter)              Turns: 1449, Time: 00:01:13

Health: -3/29      AC: -3    Str: 12    XL:     3   Next: 17%
Magic:  2/6        EV: 12    Int: 14    God:
Gold:   33         SH:  0    Dex: 11    Spells: 3/6 levels left

rFire    . . .     SeeInvis .     - Unarmed
rCold    . . .     Gourm    .   (no shield)
rNeg     . . .     Faith    .   (armour unavailable)
rPois    .         Spirit   .   (helmet restricted)
rElec    .         Reflect  .   (no cloak)
rCorr    .         Harm     .   (no gloves)
MR       .....                  (no boots)
Stlth    +.........             (no amulet)
HPRegen  0.09/turn              (no ring)
MPRegen  0.10/turn              (no ring)

@: corroded, very slightly contaminated
A: unfitting armour, cold-blooded, AC +5
a: no special abilities


You were on level 2 of the Dungeon.
You were very hungry.

You visited 1 branch of the dungeon, and saw 2 of its levels.

You collected 33 gold pieces.

Inventory:

Missiles
 a - 10 arrows
Potions
 g - a potion of degeneration {unknown}
Books
 b - a book of Changes

   Spells                             Type                      Level
   a - Beastly Appendage              Transmutation                1
   b - Sticks to Snakes               Transmutation                2
   c - Spider Form                    Transmutation/Poison         3
   d - Ice Form                       Ice/Transmutation            4
   e - Blade Hands                    Transmutation                5
Comestibles
 c - a bread ration
 f - a meat ration


   Skills:
 + Level 1.7 Fighting
 - Level 1.7 Dodging
 * Level 3.5 Unarmed Combat
 + Level 2.2 Spellcasting
 * Level 2.6 Transmutations


You had 3 spell levels left.
You knew the following spells:

 Your Spells              Type           Power        Failure   Level  Hunger
a - Beastly Appendage     Tmut           #.....       8%          1    #......
b - Sticks to Snakes      Tmut           #.......     12%         2    ###....


Dungeon Overview and Level Annotations

Branches:
Dungeon (2/15)

Altars:
Trog


Innate Abilities, Weirdness & Mutations

Your plain brown scales are hard. (AC +5)
You cannot fit into any form of body armour.
You are cold-blooded and may be slowed by cold attacks.


Message History

The jelly closely misses you.
Casting: Sticks to Snakes
Confirm with . or Enter, or press ? or * to list all spells.
You miscast Sticks to Snakes.
You are very lightly contaminated with residual magic.
Your skin tingles.
The jelly hits you. The acid corrodes you!
You are splashed with acid!
The acid burns!
Casting: Sticks to Snakes
Confirm with . or Enter, or press ? or * to list all spells.
You create a snake!
You now have 10 arrows.
You are feeling very hungry.
The jelly hits you. The acid corrodes you!
You are splashed with acid!
The acid burns!
The jelly misses you.
You hit the jelly but do no damage. The acid corrodes you!
Your hands burn!
The jelly is heavily wounded.
The jelly hits you.
* * * LOW HITPOINT WARNING * * *
You are splashed with acid!
The acid burns!
You die...

...##...###♣♣P♣♣...,,,,,,,,,,,,,,
...''...'..♣P......,,,>,,,,******
...##...###....♣***,,,,,,,,*
...##...# #..PP♣ *,,,,,,,,*
...##...# #♣.♣♣♣# *,,,,,,,,*
...##...# #.##.# *,,,,,,,,*
...>+...#* #....# *,,,,,,,,*
._.##....# ####S######+*,,*******
...##....#* ###J@....#,,*****,,,,
#.###.....* #...####.#*,*,,,,,*,,
..........**♣.♣.# *,*,,,,,,,**,,
########..,♣♣.♣♣# *,**,*,,,,**,,
,* **+*+♣..♣*****,*,,,,,,,**,, ,*
*,,,,♣.P♣♣,,,,,**,*,,,,**,, ,*
*,,,,♣...♣,,,,,*,,,,,,,**,,
,******,,,,♣♣P.♣,,,,,**,*,,,,**,*
,,,,,,,,,*,*♣P.♣****,*,,,,,,,,,,,


You could see a jelly and a friendly ball python.

Vanquished Creatures
  A worm (D:2)
  2 dart slugs (D:1)
  A leopard gecko (D:1)
  3 bats
  6 giant cockroaches
  2 goblins
  3 hobgoblins
  2 kobolds
  3 frilled lizards (D:1)
  A rat (D:1)
24 creatures vanquished.

Notes
Turn   | Place    | Note
-------+----------+-------------------------------------------
     0 | D:1      | kae the Draconian Transmuter began the quest for the Orb.
     0 | D:1      | Reached XP level 1. HP: 16/16 MP: 3/3
   145 | D:1      | Reached XP level 2. HP: 23/23 MP: 5/5
   154 | D:1      | Learned a level 2 spell: Sticks to Snakes
  1067 | D:2      | Found a bloodstained altar of Trog.
  1082 | D:2      | Reached XP level 3. HP: 25/28 MP: 6/6
  1449 | D:2      | Splashed by a jelly's acid

Vault maps used:
D:1:      onia_arrival_larder
D:2:      bloody_trog, serial_forest, infiniplex_forest_straight_2,
          infiniplex_forest_corner_1, infiniplex_forest_lined_room_3,
          infiniplex_forest_lined_2, infiniplex_forest_zigzag_1,
          infiniplex_forest_lined_corner, infiniplex_forest_lined_room_3

Action                   || total
-------------------------++-------
Melee: Unarmed           ||   109
       Tailslap          ||     7
       Punch             ||     1
       Headbutt          ||     2
       Kick              ||     1
 Cast: Beastly Appendage ||     6
       Sticks to Snakes  ||     2
  Use: Scroll            ||     5
       Potion            ||     1
  Eat: Chunk             ||     1
Armor: Skin              ||    31
Dodge: Dodged            ||    63

Table legend:
 A = Spawn XP
 B = Non-spawn XP
 C = Spawn XP percentage of total XP
 D = Spawn monster count
 E = Non-spawn monster count
 F = Spawn count percentage of total count
 G = Total turns spent on level
                    A         B        C        D         E        F      G
               +---------+---------+-------+---------+---------+-------+---------
         Total |       0 |      51 |   0.0 |       0 |      24 |   0.0 |  1449
               +---------+---------+-------+---------+---------+-------+---------
           D:1 |       0 |      37 |   0.0 |       0 |      18 |   0.0 |  1060
           D:2 |       0 |      14 |   0.0 |       0 |       6 |   0.0 |   389
               +---------+---------+-------+---------+---------+-------+---------
